 Dungeon Crawl Stone Soup version 0.27.1-34-g3ba077fa99 (webtiles) character file.

Game seed: 17226858483944024730

378 Descartes the Grasshopper (level 7, -10/50 HPs)
             Began as a Formicid Warper on Jan 22, 2022.
             Killed from afar by Ijyb (17 damage)
             ... with an iceblast
             ... on level 4 of the Dungeon.
             The game lasted 00:05:16 (3751 turns).

Descartes the Grasshopper (Formicid Warper)         Turns: 3751, Time: 00:05:19

Health: -10/50     AC: 10    Str: 17    XL:     7   Next: 4%
Magic:  10/10      EV:  7    Int: 13    God:
Gold:   121        SH:  0    Dex: 10    Spells: 10/10 levels left

rFire    . . .     SeeInvis +   h - +0 hand axe (elec)
rCold    . . .     Faith    .   (no shield)
rNeg     + . .     Spirit   .   y - +0 chain mail
rPois    .         Reflect  .   (helmet unavailable)
rElec    .         Harm     .   (no cloak)
rCorr    .         Rampage  .   m - +0 pair of gloves
Will     .....                  (no boots)
Stlth    ..........             (no amulet)
HPRegen  0.16/turn              i - ring of positive energy
MPRegen  0.12/turn              (no ring)

@: no status effects
A: permanent stasis, dig shafts and tunnels, antennae 3, four strong arms
a: Dig, Shaft Self


You were on level 4 of the Dungeon.
You visited 1 branch of the dungeon, and saw 4 of its levels.

You collected 121 gold pieces.

Inventory:

Hand Weapons
 a - a +0 mace
 h - a +0 hand axe of electrocution (weapon)
 x - a +0 battleaxe
Missiles
 c - 5 boomerangs of dispersal (quivered)
 d - 106 stones
Armour
 l - a +0 ring mail
 m - a +0 pair of gloves (worn)
 y - a +0 chain mail (worn)
Jewellery
 i - a ring of positive energy (left hand)
Wands
 p - a wand of paralysis (7)
Scrolls
 f - a scroll of vulnerability {unknown}
 j - a scroll of noise {unknown}
 n - 6 scrolls of identify {unknown}
 o - 2 scrolls of teleportation {unknown}
 q - a scroll of summoning {unknown}
 s - a scroll of amnesia {unknown}
 t - 3 scrolls of enchant weapon {unknown}
Potions
 e - a potion of brilliance {unknown}
 g - a potion of curing {unknown}
 k - a potion of might {unknown}
 r - 2 potions of flight {unknown}
 u - a potion of attraction {unknown}
 v - a potion of haste {unknown}
 w - a potion of ambrosia {unknown}


   Skills:
 - Level 2.1 Fighting
 - Level 2.6(3.0) Axes
 - Level 2.0(2.6) Maces & Flails
 - Level 1.0 Throwing
 + Level 4.0 Armour
 - Level 1.7 Dodging
 - Level 2.1 Spellcasting
 + Level 4.3 Translocations
 + Level 3.0 Evocations


You had 10 spell levels left.
You didn't know any spells.
Your spell library contained the following spells:

 Spells                   Type           Power      Damage    Failure   Level
 Gell's Gravitas          Tloc           6%         N/A       87%         3
 Lesser Beckoning         Tloc           6%         N/A       87%         3
 Teleport Other           Tloc           12%        N/A       87%         3
 Freeze                   Ice            4%         1d3       98%         1
 Frozen Ramparts          Ice            2%         1d2       100%        3
 Hailstorm                Conj/Ice       1%         3d3       100%        4
 Manifold Assault         Tloc           12%        N/A       100%        5
 Blink                    Tloc           Unusable   N/A       N/A         2

Dungeon Overview and Level Annotations

Branches:
Dungeon (4/15)
 Temple: D:4-7

Altars:
Fedhas
Okawaru
Qazlal

Annotations:
D:4 Ijyb


Innate Abilities, Weirdness & Mutations

You cannot be hasted, slowed, berserked, paralysed or teleported.
You can dig through walls and to a lower floor.
You have a pair of large antennae on your head. (SInv)
Your four strong arms can wield two-handed weapons with a shield.


Message History

You are too injured to fight recklessly!
You are too injured to fight recklessly!
You are too injured to fight recklessly!
You are too injured to fight recklessly!
You are too injured to fight recklessly!
You are too injured to fight recklessly!
The hound bites you but does no damage.
You completely miss the hound.
The hound is heavily wounded.
The hound bites you but does no damage.
An orc comes into view. It is wielding a +0 hand axe.
You hit the hound. Lightning courses through the hound!
You kill the hound!
Your Evocations skill increases to level 3!
You have reached level 7!
You barely miss the orc. The orc closely misses you.
Your chain mail prevents you from hitting the orc.
The orc hits you but does no damage.
You closely miss the orc. The orc barely misses you.
You barely miss the orc. The orc hits you with a +0 flail.
You barely miss the orc. The orc barely misses you.
The orc hits you with a +0 flail.
You hit the orc but do no damage. Lightning courses through the orc!
You kill the orc!
Your Armour skill increases to level 4!
You barely miss the orc. The orc hits you with a +0 hand axe.
* * * LOW HITPOINT WARNING * * *
You slash the orc! Lightning courses through the orc!
You kill the orc!
Ijyb zaps a wand.
The mass of ice explodes!
The iceblast engulfs you!
* * * LOW HITPOINT WARNING * * *
You feel much better.
Ijyb zaps a wand.
The mass of ice explodes!
The iceblast engulfs you!
* * * LOW HITPOINT WARNING * * *
Aiming: Paralyse
Press: ? - help, Shift-Dir - straight line, f - Ijyb
Aim: Ijyb, wielding a +0 dagger, wearing a +0 leather armour and carrying a wand of iceblast (10) (chance to affect: 63%) Ijyb resists with significant effort.
Ijyb zaps a wand.
The mass of ice explodes!
The iceblast engulfs you!
You die...

... .. .#. ... #[## ... ...
#...## #.# #.# ##.....## #.#
#.# #........ #.# #.#
#......# # #.#
#.######†#...# .##
#.######.....@)g.#.# ...>
###.#.....#######..#.##.....
##.....###...# #...#)g.....
#..#.#.# #.........##†#
.......# #.#.########)#
.....#........# #..
#..#######.###.# #### #..#
#.# ... #..# #.# ..#


You could see Ijyb.

Vanquished Creatures
  Sigmund (D:1)
  An orc warrior (D:4)
  A hound (D:4)
  3 adders (D:3)
  A worm (D:2)
  A dart slug (D:4)
  10 orcs
  6 bats
  4 endoplasms
  4 giant cockroaches
  8 goblins
  3 hobgoblins
  2 jackals (D:1)
  6 quokkas
  7 ball pythons
  A frilled lizard (D:2)
  A kobold (D:1)
  5 rats
65 creatures vanquished.

Vanquished Creatures (others)
  10 plants (D:2)
10 creatures vanquished.

Grand Total: 75 creatures vanquished

Notes
Turn   | Place    | Note
-------+----------+-------------------------------------------
     0 | D:1      | Descartes the Formicid Warper began the quest for the Orb.
     0 | D:1      | Reached XP level 1. HP: 16/16 MP: 3/3
   647 | D:1      | Reached XP level 2. HP: 21/22 MP: 5/5
  1220 | D:2      | Reached XP level 3. HP: 23/27 MP: 6/6
  1354 | D:2      | Reached skill level 1 in Axes
  1820 | D:2      | Noticed Sigmund
  2167 | D:1      | Killed Sigmund
  2168 | D:1      | Reached XP level 4. HP: 5/33 MP: 7/7
  2168 | D:1      | Reached XP level 5. HP: 6/38 MP: 8/8
  2168 | D:1      | Reached XP level 6. HP: 7/44 MP: 9/9
  3452 | D:3      | Found a blossoming altar of Fedhas.
  3454 | D:3      | Found a stormy altar of Qazlal.
  3479 | D:3      | Found an iron altar of Okawaru.
  3700 | D:4      | Noticed an orc warrior
  3710 | D:4      | Killed an orc warrior
  3729 | D:4      | Noticed Ijyb
  3738 | D:4      | Reached XP level 7. HP: 24/50 MP: 10/10
  3749 | D:4      | HP: 2/50 [Ijyb/iceblast (13)]
  3751 | D:4      | Killed from afar by Ijyb

Illustrated notes

Levels and vault maps discovered:
D:1:      erik_arrival_orb_chamber, layout_basic
D:2:      layout_basic, serial_bayou, serial_bayou_shore_a, serial_bayou_lake_a,
          serial_bayou_pond_a, serial_bayou_lagoon_a, hex_large,
          chequers_garden, uniq_sigmund
D:3:      layout_rooms, grunt_temple_overflow_forces_of_nature,
          nicolae_overflow_crystal_walls, kennysheep_nub,
          minmay_randomly_rotated_circles
D:4:      cheibrodos_greedy_goblins, layout_loops_ring, uniq_ijyb, uniq_pikel

Skill      XL: |  1  2  3  4  5  6  7 |
---------------+----------------------+-----
Translocations | 3 4 |  4.3
Armour         | 2 3 4 |  4.0
Axes           | 2 |  2.6
Evocations     | 2 3 |  3.0
Fighting       | |  2.1
Maces & Flails | |  2.0
Throwing       | |  1.0
Dodging        | |  1.7
Spellcasting   | |  2.1

Action                   |  1- 3 |  4- 6 |  7- 9 || total
-------------------------+-------+-------+-------++-------
Melee: Mace              |    26 |       |       ||    26
       Hand axe          |    64 |    98 |     8 ||   170
Evoke: Wand              |       |     1 |     1 ||     2
  Use: Potion            |       |     1 |     1 ||     2
 Stab: Paralysed         |       |     3 |       ||     3
Armor: Leather armour    |    36 |       |       ||    36
       Ring mail         |     6 |    27 |       ||    33
       Chain mail        |       |     7 |     1 ||     8
Dodge: Dodged            |    66 |    49 |     3 ||   118
